 Dungeon Crawl Stone Soup version 0.20.1-1-g8b1a95d (webtiles) character file.

217 vatarom the Distorting Demonspawn (level 5, 0/45 HPs)
             Began as a Demonspawn Abyssal Knight on Sept 25, 2017.
             Was a Believer of Lugonu.
             Succumbed to an orc wizard's poison
             ... on level 3 of the Dungeon.
             The game lasted 00:05:20 (2637 turns).

vatarom the Distorting Demonspawn (DsAK)            Turns: 2637, Time: 00:05:20

Health: 0/45       AC:  5    Str: 13    XL:     5   Next: 61%
Magic:  7/7        EV: 18    Int: 14    God:    Lugonu [**....]
Gold:   91         SH:  0    Dex: 17    Spells: 4/4 levels left

rFire    . . .     SeeInvis .   a - +1 falchion
rCold    . . .     Gourm    .   (no shield)
rNeg     . . .     Faith    .   b - +0 leather armour
rPois    .         Spirit   .   j - +1 hat
rElec    .         Reflect  .   (no cloak)
rCorr    .         Harm     .   h - +0 pair of gloves
MR       .....                  (no boots)
Stlth    ++........             (no amulet)
Regen    0.2/turn               (no ring)
MPRegen  0.1/turn               (no ring)

@: agile, lethally poisoned (0 -> -24)
A: antennae 1, low mp 1, powered by pain 1, robust 1
a: Depart the Abyss, Bend Space, Renounce Religion


You were on level 3 of the Dungeon.
You worshipped Lugonu.
Lugonu was pleased with you.
You were not hungry.

You visited 1 branch of the dungeon, and saw 3 of its levels.
You visited the Abyss 1 time.

You collected 91 gold pieces.

Inventory:

Hand Weapons
 a - a +1 falchion (weapon)
Armour
 b - a +0 leather armour (worn)
 h - a +0 pair of gloves (worn)
 j - a +1 hat (worn)
Wands
 d - a wand of random effects (21/48)
Comestibles
 c - 3 bread rations
 f - 4 fruits
 i - a royal jelly


   Skills:
 + Level 3.6 Fighting
 * Level 3.2 Long Blades
 - Level 1.7 Armour
 * Level 3.1 Dodging
 + Level 4.0 Invocations


You had 4 spell levels left.
You didn't know any spells.

Dungeon Overview and Level Annotations

Branches:
Dungeon (3/15)

Altars:


Innate Abilities, Weirdness & Mutations

You have a pair of small antennae on your head.
You sometimes gain a little power by taking damage.
Your magical capacity is low. (-10% MP)
You are robust. (+10% HP)


Message History

You are more poisoned.
You miss something.
* * * LOW HITPOINT WARNING * * *
You feel sick.
You hear some strange, mumbled words.
A puff of flame appears from out of thin air!
The puff of flame hits you!
* * * LOW HITPOINT WARNING * * *
You hit something.
* * * LOW HITPOINT WARNING * * *
You feel sick. Something hits you.
* * * LOW HITPOINT WARNING * * *
You are more poisoned.
You feel agile all of a sudden.
* * * LOW HITPOINT WARNING * * *
You feel very sick.
You hear some strange, mumbled words.
Something tries to affect you, but you resist.
You barely miss something.
You die...

#)# #)#############
#.............. ##############
################ #............##
................ ..####........#
................ (.####........#
................
......#.##....###................
(....g...#.....{@................
.........#..##############.###.#.
.........#..# ..........#.#.
............# ..............
............# ..........)...
............#################....
..................#....######....
..................#........##.)..
..................#........#.....


There were no monsters in sight!

Vanquished Creatures
  An orc priest (D:3)
  2 orc wizards (D:3)
  Robin (D:3)
  4 adders
  An ooze (D:1)
  A dart slug (D:1)
  2 leopard geckos
  5 orcs
  2 ball pythons
  2 giant cockroaches
  11 goblins
  10 hobgoblins
  6 jackals
  8 kobolds
  5 bats
  2 frilled lizards
  5 rats
68 creatures vanquished.

Notes
Turn   | Place    | Note
-------+----------+-------------------------------------------
     0 | Abyss:1  | vatarom the Demonspawn Abyssal Knight began the quest for the Orb.
     0 | Abyss:1  | Reached XP level 1. HP: 18/18 MP: 2/2
    40 | Abyss:1  | Noticed a thrashing horror
    40 | D:1      | Escaped the Abyss
    44 | D:1      | Reached skill level 1 in Dodging
   163 | D:1      | Gained mutation: You sometimes gain a little power by taking damage. [demonic ancestry]
   163 | D:1      | Reached XP level 2. HP: 22/24 MP: 3/3
   388 | D:1      | Reached * piety under Lugonu
   484 | D:1      | Reached skill level 3 in Invocations
   570 | D:2      | Gained mutation: You have a pair of small antennae on your head. [demonic ancestry]
   570 | D:2      | Reached XP level 3. HP: 29/29 MP: 5/5
  1253 | D:3      | Reached XP level 4. HP: 33/35 MP: 6/6
  1270 | D:3      | Gained mutation: You occasionally shout uncontrollably at your foes. [potion of mutation]
  1270 | D:3      | Gained mutation: You are clumsy. (Dex -2) [potion of mutation]
  1270 | D:3      | Gained mutation: You are resistant to hostile enchantments. (MR+) [potion of mutation]
  1270 | D:3      | Gained mutation: You are highly resistant to hostile enchantments. (MR++) [potion of mutation]
  1285 | D:3      | Lost mutation: You are highly resistant to hostile enchantments. (MR++) [potion of mutation]
  1285 | D:3      | Lost mutation: You occasionally shout uncontrollably at your foes. [potion of mutation]
  1285 | D:3      | Lost mutation: You are resistant to hostile enchantments. (MR+) [potion of mutation]
  1285 | D:3      | Lost mutation: You are clumsy. (Dex -2) [potion of mutation]
  1285 | D:3      | Gained mutation: Your muscles are strong. (Str +2) [potion of mutation]
  1285 | D:3      | Gained mutation: Your mind is acute. (Int +2) [potion of mutation]
  1475 | D:3      | Noticed Robin
  1482 | D:3      | Reached ** piety under Lugonu
  1538 | D:2      | Reached XP level 5. HP: 13/41 MP: 7/7
  1856 | D:3      | Killed Robin
  2558 | D:3      | Lost mutation: Your mind is acute. (Int +2) [potion of mutation]
  2558 | D:3      | Lost mutation: Your muscles are strong. (Str +2) [potion of mutation]
  2558 | D:3      | Gained mutation: Your magical capacity is low. (-10% MP) [potion of mutation]
  2558 | D:3      | Gained mutation: You are robust. (+10% HP) [potion of mutation]
  2626 | D:3      | Reached skill level 4 in Invocations
  2636 | D:3      | HP: 1/45 [poisoned by an orc wizard]
  2637 | D:3      | Succumbed to an orc wizard's poison

Skill      XL: |  1  2  3  4  5 |
---------------+----------------+-----
Dodging        | 1 2 3 |  3.1
Long Blades    | 2 3 |  3.2
Invocations    | 3 4 |  4.0
Fighting       | |  3.6
Armour         | |  1.7

Action                   |  1- 3 |  4- 6 || total
-------------------------+-------+-------++-------
Melee: Falchion          |   122 |   138 ||   260
Invok: Depart the Abyss  |     1 |       ||     1
  Use: Scroll            |     5 |     1 ||     6
       Potion            |       |     7 ||     7
 Stab: Invisible         |       |     2 ||     2
  Eat: Chunk             |     1 |     5 ||     6
Armor: Leather armour    |    47 |    44 ||    91
Dodge: Dodged            |   107 |   141 ||   248
       Rpst.: Falchion   |    36 |    40 ||    76
